AoeStats
← MurderHoles

Scandinavia

510846197Analyzed
1v1 RM · 6h ago on Oct 2, 2026· 48m 12s· 2 players
Game mode
Random Map
Map size
Tiny (2 player)
Population
200
Speed
Normal
Resources
Standard
Victory
Conquest
Starting age
Dark Age
Ending age
Imperial Age
RankedLock teamsTeams togetherTeam positionsShared explorationLock speedFull tech treeHidden civsTurbo modeCheats
Victory
Defeat
🇺🇸 Mongols · United States
995
+16
🇺🇸 Varangians · United States
1002
-16
DMoney
7:12 Loom
9:11 Feudal Age
11:02 Double-Bit Axe
17:00 Castle Age
15:40 Fletching
20:38 Horse Collar
23:55 Thumb Ring
25:38 Bow Saw
28:06 Husbandry
33:04 Bloodlines
34:35 Light Cavalry
35:24 Scale Barding Armor
35:30 Forging
38:25 Padded Archer Armor
40:35 Ballistics
40:37 Murder Holes
41:31 Wheelbarrow
41:48 Bodkin Arrow
46:28 Imperial Age
44:13 Hand Cart
45:09 Chain Barding Armor
47:44 Hussar
48:52 Bracer
MurderHoles
5:31 Loom
10:55 Feudal Age
16:48 Castle Age
15:04 Bloodlines
15:43 Double-Bit Axe
15:40 Horse Collar
28:54 Husbandry
32:16 Scale Barding Armor
32:22 Forging
34:30 Heavy Plow
34:42 Bow Saw
34:45 Squires
34:31 Gambesons
34:32 Arson
39:16 Imperial Age
38:54 Scale Mail Armor
39:30 Iron Casting
39:24 Capped Ram
44:11 Light Cavalry
45:47 Conscription
Connection lost

Rejoining the realm…

Still unreachable

The connection could not be restored.

Session expired

The server has moved on; the page needs a fresh start.